 Dungeon Crawl Stone Soup version 0.20.1-1-g8b1a95d (webtiles) character file.

30 Jannitor the Ducker (level 3, 0/14 HPs)
             Began as a Felid Ice Elementalist on Oct 12, 2017.
             Killed from afar by Sigmund (4 damage)
             ... with a magic dart
             ... on level 2 of the Dungeon.
             The game lasted 00:02:25 (2363 turns).

Jannitor the Ducker (Felid Ice Elementalist)        Turns: 2363, Time: 00:02:25

Health: 0/14       AC:  1    Str:  4    XL:     3   Next: 5%
Magic:  5/8        EV: 18    Int: 17    God:
Gold:   29         SH:  0    Dex: 16    Spells: 6/7 levels left
                                        Lives:  0   Deaths: 0

rFire    . . .     SeeInvis +   (weapon unavailable)
rCold    . . .     Gourm    .   (shield unavailable)
rNeg     . . .     Faith    .   (armour unavailable)
rPois    .         Spirit   .   (helmet unavailable)
rElec    .         Reflect  .   (cloak unavailable)
rCorr    .         Harm     .   (gloves unavailable)
MR       .....                  (boots unavailable)
Stlth    +++.......             (no amulet)
Regen    0.1/turn               (no ring)
MPRegen  0.2/turn               (no ring)

@: quick
A: no armour, no weapons or thrown items, stealth, claws 1, fangs 3, see
invisible, carnivore 3, speed 1, shaggy fur 1, slow metabolism 1, sharp paws
a: no special abilities


You were on level 2 of the Dungeon.
You were near starving.

You visited 1 branch of the dungeon, and saw 2 of its levels.

You collected 29 gold pieces.

Inventory:

Scrolls
 c - a scroll of identify {unknown}
 e - a scroll of blinking {unknown}
 f - a scroll of enchant armour {unknown}
Potions
 g - a potion of agility {unknown}
 h - a potion of curing {unknown}
Books
 a - a book of Frost

   Spells                             Type                      Level
   a - Freeze                         Ice                          1
   b - Throw Frost                    Conjuration/Ice              2
   c - Ozocubu's Armour               Charms/Ice                   3
   d - Throw Icicle                   Conjuration/Ice              4
   e - Summon Ice Beast               Ice/Summoning                4
Comestibles
 b - a meat ration
 d - a royal jelly


   Skills:
 + Level 3.3 Dodging
 - Level 2.6 Stealth
 + Level 2.7 Spellcasting
   Level 0.8 Conjurations
 + Level 2.9 Ice Magic


You had 6 spell levels left.
You knew the following spells:

 Your Spells              Type           Power        Failure   Level  Hunger
a - Freeze                Ice            ##..         5%          1    #......


Dungeon Overview and Level Annotations

Branches:
Dungeon (2/15)

Altars:

Annotations:
D:2 Sigmund


Innate Abilities, Weirdness & Mutations

You cannot wear armour.
You are incapable of wielding weapons or throwing items.
Your paws allow you to move quietly. (Stealth)
You have sharp claws.
You have razor-sharp teeth.
You have supernaturally acute eyesight. (SInv)
You are carnivorous and can eat meat at any time.
You cover ground quickly.
You are covered in fur. (AC +1)
You have a slow metabolism.
Your sharp claws are effective at attacking unaware monsters.


Message History

You freeze the adder.
The adder seems to slow down.
The adder is heavily wounded.
A hobgoblin comes into view.
Casting: Freeze
Confirm with . or Enter, or press ? or * to list all spells.
Aiming: Freeze
Press: ? - help, Shift-Dir - straight line, f/p - adder
Aim: an adder (heavily wounded, slow)
You freeze the adder.
You kill the adder!
You have reached level 3!
Your experience leads to an increase in your attributes!
Increase (S)trength, (I)ntelligence, or (D)exterity?
You feel clever.
Sigmund zaps a wand.
The puff of flame hits you!
* * * LOW HITPOINT WARNING * * *
It is a wand of flame (?/48).
Sigmund gestures at you while chanting. The magic dart hits you!
You die...

#...(...##### #.###.##
#......†..@.# #.# #.#
#.......###.# #.# #.#
#.......# #.# #.# #.#
#.(...(.# #.# #.# #.#
######### #.# #.# #.#
#.# #.# #.# #.# #.#
#.# #@# #.###.## #.#
#.#....#
###############.#
#.#.####
.#.............#.#
#.#....#
.#.###..)........#
#.###.## .#(#
#...........# #.#..<.#
.#.#
#...........###.#.#.##
.#.#
#########.#.....#.#.#
.#.######
#.#######.#.#


You could see Sigmund (invisible).

Vanquished Creatures
  An adder (D:2)
  3 dart slugs
  2 giant cockroaches (D:1)
  3 hobgoblins
  A kobold (D:2)
  A ball python (D:1)
  2 frilled lizards
  3 rats
16 creatures vanquished.

Notes
Turn   | Place    | Note
-------+----------+-------------------------------------------
     0 | D:1      | Jannitor the Felid Ice Elementalist began the quest for the Orb.
     0 | D:1      | Reached XP level 1. HP: 7/7 MP: 4/4
   435 | D:1      | Reached skill level 3 in Dodging
   800 | D:1      | Reached XP level 2. HP: 11/11 MP: 6/6
  2248 | D:2      | Noticed Sigmund
  2351 | D:2      | Reached XP level 3. HP: 9/14 MP: 4/8
  2363 | D:2      | Killed from afar by Sigmund

Skill      XL: |  1 |
---------------+----+-----
Dodging        | 3 |  3.3
Stealth        | |  2.6
Spellcasting   | |  2.7
Conjurations   | |  0.8
Ice Magic      | |  2.9

Action                   || total
-------------------------++-------
Melee: Unarmed           ||     3
 Cast: Freeze            ||    40
Dodge: Dodged            ||    23
